 Dungeon Crawl Stone Soup version 0.26-a0-30-g56b8cd3df0 (webtiles) character file.

Game seed: 8779139845728254008, levelgen mode: deterministic

47 Hasart the Grave Robber (level 3, 0/24 HPs)
             Began as a Demonspawn Necromancer on June 3, 2020.
             Slain by an orc
             ... wielding a +0 hand axe
              (4 damage)
             ... on level 2 of the Dungeon.
             The game lasted 00:02:28 (2253 turns).

Hasart the Grave Robber (Demonspawn Necromancer)    Turns: 2253, Time: 00:02:28

Health: 0/24       AC:  5    Str:  8    XL:     3   Next: 48%
Magic:  2/6        EV: 12    Int: 17    God:
Gold:   121        SH:  0    Dex: 13    Spells: 5/6 levels left

rFire    . . .     SeeInvis .   k - +0 whip
rCold    . . .     Gourm    .   (no shield)
rNeg     . . .     Faith    .   j - +0 leather armour
rPois    .         Spirit   .   (no helmet)
rElec    .         Reflect  .   (no cloak)
rCorr    .         Harm     .   (no gloves)
MR       .....                  (no boots)
Stlth    ++++......             i - amulet of the acrobat
HPRegen  0.08/turn              f - ring of stealth
MPRegen  0.10/turn              (no ring)

@: very slightly contaminated
A: slimy green scales 1, nightstalker 1
a: no special abilities


You were on level 2 of the Dungeon.
You were not hungry.

You visited 1 branch of the dungeon, and saw 3 of its levels.

You collected 121 gold pieces.

Inventory:

Hand Weapons
 k - a +0 whip (weapon)
Armour
 j - a +0 leather armour (worn)
Jewellery
 f - a ring of stealth (left hand)
 i - an amulet of the acrobat (around neck)
Scrolls
 a - a scroll of fear {unknown}
 d - 2 scrolls of magic mapping {unknown}
 g - 2 scrolls of identify {unknown}
 l - a scroll of random uselessness {unknown}
Potions
 e - a potion of haste {unknown}
 h - a potion of stabbing {unknown}
Comestibles
 c - 2 rations


   Skills:
 + Level 2.2 Dodging
 - Level 1.7 Stealth
 + Level 2.4 Spellcasting
 * Level 5.2 Necromancy


You had 5 spell levels left.
You knew the following spells:

 Your Spells              Type           Power        Failure   Level  Hunger
a - Pain                  Necr           ###.         3%          1    #......

Your spell library contained the following spells:

 Spells                   Type           Power        Failure   Level  Hunger
 Animate Skeleton         Necr           N/A          3%          1    #......
 Vampiric Draining        Necr           ###.......   10%         3    ###....
 Animate Dead             Necr           N/A          30%         4    #####..
 Agony                    Necr           ###.....     65%         5    ######.


Dungeon Overview and Level Annotations

Branches:
Dungeon (3/15)

Altars:
Cheibriados
Okawaru


Innate Abilities, Weirdness & Mutations

You are partially covered in slimy green scales. (AC +2)
You are slightly more attuned to the shadows.


Message History

* * * LOW HITPOINT WARNING * * *
You hear a shout! x2
You climb upwards.
There is a stone staircase leading down here.
All of the chunks of flesh in your inventory have rotted away.
Casting: Pain (safe; 3% risk of failure)
Confirm with . or Enter, or press ? or * to list all spells.
Aiming: Pain (safe; 3% risk of failure)
Press: ? - help, Shift-Dir - straight line, f - orc
Aim: an orc, wielding a +0 hand axe and wearing a +0 leather armour (chance to defeat MR: 89%)
You miscast Pain.
You are very lightly contaminated with residual magic.
Nothing appears to happen.
The orc hits you but does no damage.
Casting: Pain (safe; 3% risk of failure)
Confirm with . or Enter, or press ? or * to list all spells.
Aiming: Pain (safe; 3% risk of failure)
Press: ? - help, Shift-Dir - straight line, f/p - orc
Aim: an orc, wielding a +0 hand axe and wearing a +0 leather armour (chance to defeat MR: 89%)
The orc writhes in agony.
The orc hits you with a +0 hand axe.
You die...

### #.#
#.##############################
#...............................
#.##############################
#.# #..............
##.################.#############
#..............o@................
.....##############.##########..#
.....# #........................#
.....# #.##.......#.###########.#
.....# #.##.#####.#.............#
.....# #.##.# #.#####.#######.#
.....###'##.# #.# #.........#
.....##.....# #.# #.#######..
.....##.....#####รท#####.#######.#


You could see an orc.

Vanquished Creatures
  An adder (D:2)
  4 leopard geckos
  An orc (D:3)
  3 giant cockroaches
  3 hobgoblins (D:1)
  4 kobolds
  A quokka (D:2)
  A ball python (D:1)
  7 bats
  3 frilled lizards
  4 rats (D:2)
32 creatures vanquished.

Notes
Turn   | Place    | Note
-------+----------+-------------------------------------------
     0 | D:1      | Hasart the Demonspawn Necromancer began the quest for the
                  | Orb.
     0 | D:1      | Reached XP level 1. HP: 13/13 MP: 3/3
   438 | D:1      | Gained mutation: You are slightly more attuned to the
                  | shadows. [demonic ancestry]
   438 | D:1      | Reached XP level 2. HP: 16/19 MP: 0/5
  1320 | D:2      | Found an iron altar of Okawaru.
  1320 | D:2      | Found a snail-covered altar of Cheibriados.
  1510 | D:2      | Reached skill level 5 in Necromancy
  1579 | D:2      | Gained mutation: You are partially covered in slimy green
                  | scales. (AC +2) [demonic ancestry]
  1579 | D:2      | Reached XP level 3. HP: 20/24 MP: 0/6
  2253 | D:2      | Slain by an orc

Illustrated notes

Levels and vault maps discovered:
D:1:      dpeg_arrival_water_altar, layout_basic
D:2:      layout_basic, gammafunk_temple_overflow_statue, first_ration,
          hangedman_decor_points
D:3:      layout_basic, overflow_temple_1_default, minmay_misc_feat_pillars,
          minmay_distorted, uniq_terence, uniq_ijyb

Skill      XL: |  1  2 |
---------------+-------+-----
Dodging        | 2 |  2.2
Necromancy     | 5 |  5.2
Stealth        | |  1.7
Spellcasting   | |  2.4

Action                   || total
-------------------------++-------
Melee: Unarmed           ||     5
       Whip              ||     7
 Cast: Pain              ||    77
  Eat: Chunk             ||     5
Armor: Robe              ||     7
       Leather armour    ||     6
Dodge: Dodged            ||    31

Table legend:
 A = Non-vault XP
 B = Vault XP
 C = Vault XP percentage of total XP
 D = Non-vault monster count
 E = Vault monster count
 F = Vault count percentage of total count
                 A         B        C        D         E       F
            +---------+---------+-------+---------+---------+-------
      Total |      68 |       0 |   0.0 |      32 |       0 |   0.0
            +---------+---------+-------+---------+---------+-------
        D:1 |      27 |       0 |   0.0 |      14 |       0 |   0.0
        D:2 |      30 |       0 |   0.0 |      12 |       0 |   0.0
        D:3 |      11 |       0 |   0.0 |       6 |       0 |   0.0
            +---------+---------+-------+---------+---------+-------
